 Dungeon Crawl Stone Soup version 0.15.0-23-gc2b521c (console) character file.

112 gw the Twirler (level 4, 0/38 HPs)
             Began as a Minotaur Gladiator on Sept 9, 2014.
             Slain by gw's ghost (13 damage)
             ... on Level 3 of the Dungeon.
             The game lasted 00:02:14 (3363 turns).

gw the Twirler (Minotaur Gladiator)                 Turns: 3363, Time: 00:02:14

HP   0/38        AC  3     Str 17      XL: 4   Next: 63%
MP   2/2         EV 12     Int  5      God:
Gold 0           SH  0     Dex 12      Spells:  0 memorised,  3 levels left

rFire  . . .     SeeInvis .     a - +0 quarterstaff
rCold  . . .     Clarity  .     b - +0 leather armour
rNeg   . . .     rCorr    .     (no shield)
rPois  .         rRot     .     (helmet unavailable)
rElec  .         Spirit   .     (no cloak)
SustAb .         Warding  .     (no gloves)
rMut   .         Stasis   .     (no boots)
Gourm  .                        (no amulet)
MR     .....                    (no ring)
                                (no ring)

@: not resistant to hostile enchantments, very unstealthy
A: retaliatory headbutt, horns 3, weak 1, wild magic 1
a: no special abilities


You were on level 3 of the Dungeon.
You were hungry.

You visited 1 branch of the dungeon, and saw 3 of its levels.

Inventory:

Hand weapons
 a - a +0 quarterstaff (weapon)
Missiles
 d - 4 throwing nets
 i - 131 stones (quivered)
Armour
 b - a +0 leather armour (worn)
Comestibles
 f - 5 bread rations
 h - 4 fruits
Scrolls
 g - a scroll of remove curse
 l - 4 scrolls of identify
Potions
 c - a potion of curing


   Skills:
 + Level 3.1 Fighting
 * Level 5.2 Staves
 + Level 3.1 Throwing
 + Level 1.2 Armour
 - Level 3.2 Dodging


You had 3 spell levels left.
You didn't know any spells.

Dungeon Overview and Level Annotations

Branches:
Dungeon (3/15)

Altars:
Dithmenos

Annotations:
D:2 exclusion: 2 downstairs
D:3 gw's ghost, average MiGl


Innate Abilities, Weirdness & Mutations

You reflexively headbutt those who attack you in melee.
You have a pair of large horns on your head.
You are weak. (Str -2)
Your spells are a little harder to cast, but a little more powerful.


Message History

You throw a stone.
The stone hits gw's ghost but does no damage.
FLEEEEING!
MOVING TO (1,-8) MOVING TO (1,-7) Gw's ghost hits you!
MOVING TO (1,-6) Gw's ghost stares at you.
MOVING TO (1,-5) Gw's ghost wails, "You must not fail where I succeeded!"
MOVING TO (0,-4) Gw's ghost hits you!
MOVING TO (0,-3) MOVING TO (0,-2) MOVING TO (0,-1) MOVING TO (1,8) MOVING TO (0,7)
You are feeling hungry.
Gw's ghost hits you!
You die...

# #.# #.. ###### #.# ....# #....#
#####.### .##. .. ### #....#
#........ ## .##.# ..# #....#
#........ ..#.# #.# ##....#
#.<...... #.#.# #.# #.....#
###((...... #...# #.#
#.W...####((........
#..####.###..H..#..(.#........
####.................####........
...%.#####.#.##....(.##...#######
####.........#........$....##
.)........#..#..............#
.............#.........W....#
..........##.#...(.....<....#####
..........##..#..(...............
.......######..###(..##...#......


You could see gw's ghost.

Table legend:
 A = Turns spent in this place as a percentage of turns spent in the entire game.
 B = Non-inter-level travel turns spent in this place as a percentage of non-inter-level travel turns spent in the entire game.
 C = Inter-level travel turns spent in this place as a percentage of turns spent in this place.
 D = Turns resting spent in this place as a percentage of non-inter-level travel turns spent in this place.
 E = Turns spent auto-exploring this place as a percentage of non-inter-level travel turns spent in this place.
 F = Non-inter-level travel turns spent in this place divided by the number of levels of this place that you've seen.
                   A       B       C       D       E      F
               +-------+-------+-------+-------+-------+----------------------
         Total | 100.0 | 100.0 |   2.1 |   3.4 |  10.7 | 360.0
       Dungeon | 100.0 | 100.0 |   2.1 |   3.4 |  10.7 | 360.0
               +-------+-------+-------+-------+-------+----------------------

Table legend:
 A = Kills in this place as a percentage of kills in entire the game.
 B = Kills by you in this place as a percentage of kills by you in the entire game.
 C = Kills by friends in this place as a percentage of kills by friends in the entire game.
 D = Other kills in this place as a percentage of other kills in the entire game.
 E = Experience gained in this place as a percentage of experience gained in the entire game.
 F = Experience gained in this place divided by the number of levels of this place that you have seen.
                   A       B       C       D       E      F
               +-------+-------+-------+-------+-------+----------------------
         Total | 100.0 | 100.0 |  -nan |  -nan | 100.0 |  53.3
       Dungeon | 100.0 | 100.0 |  -nan |  -nan | 100.0 |  53.3
               +-------+-------+-------+-------+-------+----------------------

Vanquished Creatures
  4 adders
  An inept feature mimic (D:2)
  A worm (D:3)
  An orc (D:3)
  4 giant cockroaches
  8 goblins
  9 hobgoblins
  8 jackals (D:2)
  3 quokkas (D:2)
  6 bats
  2 giant geckos
  A giant newt (D:1)
  7 kobolds
  6 rats
61 creatures vanquished.

Notes
Turn   | Place    | Note
--------------------------------------------------------------
     0 | D:1      | gw, the Minotaur Gladiator, began the quest for the Orb.
     0 | D:1      | Reached XP level 1. HP: 18/18 MP: 1/1
   282 | D:1      | Reached skill level 4 in Staves
   334 | D:1      | Reached XP level 2. HP: 25/25 MP: 1/1
  1336 | D:2      | Reached XP level 3. HP: 18/30 MP: 2/2
  1685 | D:2      | Reached skill level 5 in Staves
  1846 | D:2      | Reached skill level 1 in Armour
  1846 | D:2      | Reached XP level 4. HP: 34/37 MP: 2/2
  2573 | D:3      | Noticed gw's ghost (average MiGl)
  2585 | D:2      | Gained mutation: Your spells are a little harder to cast, but a little more powerful. [potion of mutation]
  2585 | D:2      | Gained mutation: You have a pair of large horns on your head. [potion of mutation]
  2585 | D:2      | Gained mutation: You are weak. (Str -2) [potion of mutation]
  2613 | D:3      | Found a shadowy altar of Dithmenos.
  3363 | D:3      | Slain by gw's ghost

Action                   |  1- 3 |  4- 6 || total
-------------------------+-------+-------++-------
Melee: Quarterstaff      |    70 |    20 ||    90
Throw: Stone             |    41 |    43 ||    84
       Javelin           |    11 |    23 ||    34
Evoke: Wand              |       |     7 ||     7
  Use: Scroll            |     6 |     1 ||     7
       Potion            |     3 |     3 ||     6
  Eat: Chunk             |     3 |     4 ||     7

Vault maps used:
D:1:      eino_arrival_cavern_e, minivault_4
D:2:      first_bread
D:3:      nicolae_overflow_hidden_temple
